 Dungeon Crawl Stone Soup version 0.29-a0-775-g4d7333d4e2 (webtiles) character file.

Game seed: 4173790841572491126

3766 Armakuni the Destroyer (level 10, -1/67 HPs)
             Began as a Human Conjurer on June 30, 2022.
             Was a Follower of Elyvilon.
             Slain by a skeletal warrior
             ... wielding a +0 war axe
              (14 damage)
             ... on level 8 of the Dungeon on July 1, 2022.
             The game lasted 00:22:27 (10789 turns).

Armakuni the Destroyer (Human Conjurer)            Turns: 10789, Time: 00:22:28

Health: -1/67      AC: 11    Str: 10    XL:     10   Next: 38%
Magic:  2/13       EV: 12    Int: 23    God:    Elyvilon [*.....]
Gold:   308        SH:  0    Dex: 11    Spells: 2/13 levels left

rFire   . . .      SeeInvis +   a - +8 trident of the Octopus King {venom, rElec rPois}
rCold   . . .      Faith    .   (no shield)
rNeg    . . .      Spirit   .   d - +0 robe
rPois   +          Reflect  .   p - +0 helmet
rElec   +          Harm     .   x - +0 cloak "Derre" {Will+ rCorr}
rCorr   +          Rampage  .   (no gloves)
Will    +....                   q - +2 pair of boots
Stlth   ++........              A - amulet of the acrobat
HPRegen 0.21/turn               K - ring "Bimoineps" {rCorr AC+4 Str+2}
MPRegen 0.13/turn               I - ring of see invisible

@: brilliant, very slightly contaminated
A: no striking features
a: Renounce Religion, Purification


You were on level 8 of the Dungeon.
You worshipped Elyvilon.
Elyvilon was aware of your devotion.
You visited 2 branches of the dungeon, and saw 9 of its levels.

You collected 480 gold pieces.
You spent 172 gold pieces at shops.

Inventory:

Hand Weapons
 a - the +8 trident of the Octopus King (weapon) {venom, rElec rPois}
   (You found it on level 6 of the Dungeon)

   It poisons the flesh of those it strikes.
   rElec:     It insulates you from electricity.
   rPois:     It protects you from poison.
 b - a +5 vorpal quarterstaff
Missiles
 e - 5 javelins
Armour
 d - a +0 robe (worn)
 p - a +0 helmet (worn)
 q - a +2 pair of boots (worn)
 x - the +0 cloak "Derre" (worn) {Will+ rCorr}
   (You found it on level 7 of the Dungeon)

   rCorr:     It protects you from acid and corrosion.
   Will:      It increases your willpower.
Jewellery
 u - a +4 ring of slaying
 A - an amulet of the acrobat (around neck)
 F - a ring of protection from fire
 I - a ring of see invisible (right hand)
 K - the ring "Bimoineps" (left hand) {rCorr AC+4 Str+2}
   (You found it on level 3 of the Dungeon)

   [ring of protection]

   AC:        It affects your AC (+4).
   Str:       It affects your strength (+2).
   rCorr:     It protects you from acid and corrosion.
 L - a ring of flight
Wands
 m - a wand of mindburst (11)
 r - a wand of quicksilver (5)
 v - a wand of flame (21)
Scrolls
 j - 2 scrolls of blinking
 k - 4 scrolls of fog
 l - a scroll of amnesia
 s - a scroll of summoning
 z - 2 scrolls of identify
 C - a scroll of fear
Potions
 c - 3 potions of brilliance
 f - a potion of lignification
 g - 2 potions of curing
 h - 2 potions of flight
 i - 2 potions of ambrosia {unknown}
 n - 8 potions of heal wounds
 o - a potion of mutation {unknown}
 t - a potion of might {unknown}
 B - a potion of attraction {unknown}


   Skills:
 - Level 2.0 Fighting
 - Level 1.0(5.0) Maces & Flails
 - Level 7.9(8.0) Staves
 - Level 2.0 Dodging
 - Level 2.0 Stealth
 - Level 2.0 Spellcasting
 - Level 11.1 Conjurations
 + Level 0.3 Invocations
 - Level 5.0 Evocations


You had 2 spell levels left.
You knew the following spells:

 Your Spells              Type           Power      Damage    Failure   Level
a - Apportation           Tloc           6%         N/A       13%         1
m - Iskenderun's Mystic   Conj/Tloc      41%        2d9       13%         4
p - Fulminant Prism       Conj/Hex       20%        3d13      13%         4
z - Searing Ray           Conj           100%       2d8       1%          2

Your spell library contained the following spells:

 Spells                   Type           Power      Damage    Failure   Level
 Magic Dart               Conj           100%       1d8       1%          1
 Shock                    Conj/Air       100%       1d9       1%          1
 Dazzling Flash           Conj/Hex       82%        N/A       4%          3
 Swiftness                Air            3%         N/A       36%         3
 Airstrike                Air            1%         0-2+      77%         4
 Alistair's Intoxication  Tmut/Pois      2%         N/A       98%         5


Dungeon Overview and Level Annotations

Branches:
Dungeon (8/15)             Temple (1/1) D:7
   Lair: D:8-11

Altars:
Ashenzari
Cheibriados
Dithmenos
Elyvilon
Fedhas
Gozag
Hepliaklqana
Makhleb
Okawaru
Qazlal
Ru
Sif Muna
Trog
Uskayaw
Vehumet
Wu Jian
Zin
The Shining One
Beogh

Shops:
D:8 [

Annotations:
D:4 2 transporters, Mgcat's ghost, amateur OgFi
D:8 3 runed translucent doors, MagicSucks's ghost, novice NaTm


Message History

The mystic blast hits the skeletal warrior.
The skeletal warrior is severely damaged.
The skeletal warrior is knocked back by the mystic blast.
Casting: Iskenderun's Mystic Blast (dangerous; 13% risk of failure)
Confirm with . or Enter, or press ? or * to list all spells.
Aiming: Fulminant Prism (dangerous; 13% risk of failure)
Press: ? - help, Dir - move target You feel a surge of power!
You conjure a prism of explosive energy!
A fulminant prism comes into view.
Reach: a) +8 trident of the Octopus King {venom, rElec rPois}
Press: ? - help, Dir - move target, f - skeletal warrior
Aim: a skeletal warrior, wielding a +0 war axe (severely damaged, ally target, about 33% to evade the +8 trident of the Octopus King)
You reach to attack!
You puncture the skeletal warrior!
The skeletal warrior is almost destroyed.
Your fulminant prism crackles loudly.
You hit the skeletal warrior but do no damage.
The skeletal warrior is almost destroyed.
The skeletal warrior hits you with a +0 war axe!
* * * LOW HITPOINT WARNING * * *
Your fulminant prism explodes!
The blast of energy engulfs the bullfrog!!
You kill the bullfrog!
The blast of energy engulfs the skeletal warrior.
The skeletal warrior is almost destroyed.
Training target 8.0 for Staves reached!
You need to enable at least one skill for training.
Casting: Fulminant Prism (dangerous; 13% risk of failure)
Confirm with . or Enter, or press ? or * to list all spells.
You feel a surge of power!
You erupt in a blast of force!
The mystic blast hits the skeletal warrior but does no damage.
The skeletal warrior is almost destroyed.
The skeletal warrior closely misses you.
You hit the skeletal warrior but do no damage.
The skeletal warrior is almost destroyed.
The skeletal warrior completely misses you.
You hit the skeletal warrior but do no damage.
The skeletal warrior is almost destroyed.
The skeletal warrior hits you with a +0 war axe!
You die...

##########.#<#.###.######.#
#.#.#
.......................##.#
#.#.#
...........#.......###.##.#
#.#.#
...........#....######..#.#
#.#.#
....≈...........#.........#
#.#..
....≈≈...................># #.#
.......######...#.##.##.#.# #.#
.......######...#.##.##.#.###.#
####...'..)....z@.............#
#...######...#######.#.#####
#.).# #........##.#.# #...#
########.##.#.# #...# #.##...#
######.########### #.###..#
#.)))..#.........# #.# #..#
#)####.#.^.......###.###..#
....##.#...............##.##


You could see a skeletal warrior.

Vanquished Creatures
  A hornet (D:7)
  A wyvern (D:7)
  3 water moccasins
  4 orc warriors
  4 ice beasts
  3 black bears
  3 ogres
  A centaur (D:7)
  A kobold brigand (D:6)
  3 necrophages
  4 bullfrogs
  2 gnoll sergeants (D:8)
  2 scorpions
  A killer bee (D:8)
  2 jellies (D:5)
  A bouda (D:4)
  4 orc priests
  3 hounds
  Crazy Yiuf (D:6)
  4 iguanas
  10 orc wizards
  3 gnolls (D:8)
  6 adders
  3 white imps
  7 worms
  2 dart slugs
  52 orcs
  6 bats
  9 endoplasms
  3 giant cockroaches
  13 goblins
  7 hobgoblins
  5 quokkas
  4 ball pythons
  A frilled lizard (D:2)
  13 kobolds
  9 rats
201 creatures vanquished.

Vanquished Creatures (collateral kills)
  An orc (D:4)
  A goblin (D:4)
2 creatures vanquished.

Vanquished Creatures (others)
  6 fulminant prisms
  11 plants
17 creatures vanquished.

Grand Total: 220 creatures vanquished

Notes
Turn   | Place    | Note
-------+----------+-------------------------------------------
     0 | D:1      | Armakuni the Human Conjurer began the quest for the Orb.
     0 | D:1      | Reached XP level 1. HP: 13/13 MP: 3/3
   211 | D:1      | Reached XP level 2. HP: 19/19 MP: 1/5
   214 | D:1      | Learned a level 2 spell: Searing Ray
   653 | D:1      | Reached XP level 3. HP: 21/24 MP: 3/6
  1006 | D:1      | Found a faded altar of an unknown god.
  1133 | D:1      | Reached skill level 5 in Conjurations
  2477 | D:2      | Reached XP level 4. HP: 30/30 MP: 1/7
  3508 | D:3      | Reached XP level 5. HP: 35/35 MP: 0/8
  3582 | D:3      | Found an opulent altar of Gozag.
  3830 | D:3      | Noticed a moth of wrath
  3832 | D:3      | Found a bloodstained altar of Trog.
  3844 | D:3      | Reached skill level 6 in Conjurations
  4074 | D:3      | Identified the ring "Bimoineps" {rCorr AC+4 Str+2}
  4122 | D:4      | Found a transporter.
  4122 | D:4      | Noticed Mgcat's ghost (amateur OgFi)
  4331 | D:4      | Found a transporter.
  4406 | D:5      | Entered Level 5 of the Dungeon
  4414 | D:5      | Reached XP level 6. HP: 20/41 MP: 0/9
  4580 | D:4      | Noticed a black bear
  4590 | D:4      | Killed a black bear
  4591 | D:4      | Reached skill level 7 in Conjurations
  4672 | D:4      | Noticed an ogre
  4683 | D:4      | Killed an ogre
  4684 | D:4      | Reached skill level 8 in Conjurations
  4684 | D:4      | Reached XP level 7. HP: 25/46 MP: 1/10
  5123 | D:4      | Found a snail-covered altar of Cheibriados.
  5674 | D:5      | Reached skill level 9 in Conjurations
  5679 | D:5      | Reached XP level 8. HP: 44/52 MP: 1/11
  5757 | D:5      | Learned a level 1 spell: Apportation
  5762 | D:5      | Learned a level 4 spell: Iskenderun's Mystic Blast
  5767 | D:5      | Learned a level 4 spell: Fulminant Prism
  5813 | D:5      | Reached skill level 1 in Maces & Flails
  5973 | D:5      | Reached skill level 10 in Conjurations
  6720 | D:5      | Found a glowing silver altar of Zin.
  6720 | D:5      | Found a glowing golden altar of the Shining One.
  7304 | D:6      | Reached skill level 11 in Conjurations
  7304 | D:6      | Reached XP level 9. HP: 57/57 MP: 4/12
  7549 | D:6      | Reached skill level 1 in Evocations
  7958 | D:6      | Found a runed translucent door.
  7959 | D:6      | Noticed Crazy Yiuf
  8009 | D:6      | Killed Crazy Yiuf
  8146 | D:6      | Found the +8 trident of the Octopus King {venom, rElec
                  | rPois}
  8426 | D:7      | Found a radiant altar of Vehumet.
  8619 | D:7      | Reached skill level 5 in Evocations
  8672 | D:7      | Found a staircase to the Ecumenical Temple.
  8681 | Temple   | Entered the Ecumenical Temple
  8738 | Temple   | Upgraded the game from 0.29-a0-757-g358383bc75 to
                  | 0.29-a0-775-g4d7333d4e2
  8780 | D:7      | Reached skill level 1 in Fighting
  8780 | D:7      | Reached skill level 1 in Staves
  8795 | Temple   | Became a worshipper of Elyvilon the Healer
  8968 | D:7      | Identified the +0 cloak "Derre" {Will+ rCorr}
  9458 | D:7      | Found a runed translucent door.
  9506 | D:7      | Noticed a hornet
  9511 | D:7      | Killed a hornet
  9698 | D:7      | Reached * piety under Elyvilon
  9721 | D:7      | Reached skill level 5 in Staves
  9721 | D:7      | Reached XP level 10. HP: 67/67 MP: 1/13
 10195 | D:8      | Found Vucuon's Antique Armour Shoppe.
 10206 | D:8      | Bought a pair of runed boots for 172 gold pieces
 10522 | D:8      | Found a runed translucent gate.
 10522 | D:8      | Found a runed translucent gate.
 10522 | D:8      | Found a runed translucent gate.
 10523 | D:8      | Noticed a ten-headed hydra
 10524 | D:8      | Noticed MagicSucks's ghost (novice NaTm)
 10525 | D:8      | Noticed a nine-headed hydra
 10585 | D:8      | Noticed a red ugly thing
 10585 | D:8      | Noticed an unseen horror
 10585 | D:8      | Noticed a centaur warrior
 10594 | D:8      | Noticed an unseen horror
 10594 | D:8      | Noticed a cyclops
 10594 | D:8      | Noticed a cyclops
 10604 | D:8      | Noticed a centaur warrior
 10747 | D:8      | Noticed a skeletal warrior
 10789 | D:8      | Slain by a skeletal warrior

Illustrated notes

Levels and vault maps discovered:
D:1:      dpeg_arrival_simpleton_c, layout_loops_ring, serial_aquarium,
          aquarium_bridge_square [aquarium_subvault_window,
          aquarium_subvault_bridge, aquarium_subvault_bridge,
          aquarium_subvault_bridge], aquarium_bridge_square
          [aquarium_subvault_window, aquarium_subvault_wall,
          aquarium_subvault_bridge, aquarium_subvault_balcony],
          aquarium_window_corridor_1, aquarium_window_1, aquarium_view_2d,
          aquarium_view_2d, aquarium_balcony_double_4,
          dilly_ecumenical_altar_fadedgnrine
D:2:      layout_loops_ring, serial_bayou_lagoon_b
D:3:      layout_loops_ring, tgw_trog, grunt_gozag_breadcrumbs, corner_web_ring,
          kennysheep_generic_room_4
D:4:      minmay_chambers_of_twos, layout_rooms, slow_altar_2,
          gammafunk_ghost_arena, chequers_garden
D:5:      layout_gridville, gammafunk_temple_overflow_wave,
          ebering_dispersal_statue_hall
D:6:      layout_loops_ring, serial_park_tiny_2, uniq_crazy_yiuf_cottage
D:7:      layout_loops_ring, nicolae_overflow_crystal_walls,
          minmay_temple_entry_sparse_star, serial_bayou, serial_bayou_shore_b,
          serial_bayou_pond_a, serial_bayou_pond_c, serial_bayou_pond_a,
          lightli_church_of_beogh
D:8:      layout_basic, serial_shops, shop, gammafunk_ghost_hydra_chop,
          st_stairs_1, minivault_12
Temple:   nicolae_temple_x_marks_the_god

Skill      XL: |  1  2  3  4  5  6  7  8  9 10 |
---------------+-------------------------------+-----
Conjurations   | 5 6 8 9 11 | 11.1
Maces & Flails | 1 |  1.0
Evocations     | 5 |  5.0
Fighting       | 2 |  2.0
Staves         | 5 7 |  7.9
Dodging        | |  2.0
Stealth        | |  2.0
Spellcasting   | |  2.0
Invocations    | |  0.3

Action                   |  1- 3 |  4- 6 |  7- 9 | 10-12 || total
-------------------------+-------+-------+-------+-------++-------
Melee: Unarmed           |     1 |       |       |       ||     1
       Whip              |    10 |    17 |    11 |       ||    38
       Flail             |       |       |    11 |       ||    11
       Trident           |       |       |     8 |    78 ||    86
       Quarterstaff      |       |       |     5 |       ||     5
 Cast: Magic Dart        |     9 |       |       |       ||     9
       Searing Ray       |    33 |    32 |    68 |     7 ||   140
       Fulminant Prism   |       |       |     2 |     4 ||     6
       Iskenderun's Myst |       |       |     1 |     5 ||     6
Evoke: Wand              |       |       |       |     1 ||     1
  Use: Scroll            |     3 |     1 |     9 |     4 ||    17
       Potion            |       |       |       |     3 ||     3
 Stab: Sleeping          |       |     1 |     1 |     1 ||     3
Armor: Robe              |     8 |     4 |    43 |    17 ||    72
Dodge: Dodged            |    28 |    24 |    65 |    47 ||   164

Table legend: (Time is in decaauts)
 A = Elapsed time spent in this place.
 B = Non-inter-level travel time spent in this place.
 C = Inter-level travel time spent in this place.
 D = Time resting spent in this place.
 E = Time spent auto-exploring this place.
 F = Levels seen in this place.
 G = Mean time per level.
                   A        B        C        D        E       F      G
               +--------+--------+--------+--------+--------+-----+--------+
         Total |  10819 |  10670 |    149 |   2118 |   6583 |   9 | 1202.1 |
       Dungeon |  10741 |  10598 |    143 |   2118 |   6537 |   8 | 1342.6 |
        Temple |     78 |     72 |      6 |      0 |     46 |   1 |   78.0 |
               +--------+--------+--------+--------+--------+-----+--------+

Top non-repeatable levels by time:
     D:5: 1771 daAuts
     D:1: 1603 daAuts
     D:7: 1596 daAuts
     D:3: 1364 daAuts
     D:4: 1302 daAuts
     D:6: 1241 daAuts
     D:2: 1140 daAuts
     D:8: 721 daAuts
  Temple: 78 daAuts
